[Event "Titled Tuesday Blitz July 6 2021"]
[White "Sydoryka, Vladyslav"]
[Black "TanitoluwaAps116"]
[WhiteFideId "14145928"]
[WhiteElo "2200"]
[BlackElo "2370"]
[Result "0-1"]
[Round "04"]
[TimeControl "180+1"]
[Date "2021.07.06"]
[WhiteClock "0:00:03"]
[BlackClock "0:00:05"]

1. c4 g6 2. g3 Bg7 3. Bg2 Nf6 4. Nc3 O-O 5. d3 d6 6. Nf3 c6 7. O-O a5 8. Ne1 Na6 9. Nc2 Bd7 10. a3 Rb8 11. Rb1 b6 12. b4 b5 13. Be3 Ng4 14. Bd2 Ne5 15. cxb5 cxb5 16. bxa5 e6 17. Nd4 b4 18. axb4 Nxb4 19. Nb3 Nec6 20. Ne4 Qe7 21. Bc3 Rfc8 22. Bxg7 Kxg7 23. Qd2 f5 24. Nc3 Qd8 25. Na2 Nxa2 26. Qxa2 Rb4 27. Rfc1 d5 28. Nc5 Qe7 29. Nxd7 Rxb1 30. Qxb1 Qxd7 31. Qb5 Ne5 32. Qb2 d4 33. Rxc8 Qxc8 34. Qxd4 Qc1+ 35. Bf1 Qc7 36. a6 Kf7 37. a7 Nc6 0-1


[Site "https://www.chess.com"]

[Event "Titled Tuesday Blitz July 6 2021"]
[White "Tanenbaum, Zachary"]
[Black "Kapitanchuk, Tomas"]
[WhiteFideId "2060850"]
[BlackFideId "135046"]
[WhiteElo "2165"]
[BlackElo "1955"]
[Result "0-1"]
[Round "04"]
[TimeControl "180+1"]
[Date "2021.07.06"]
[WhiteClock "0:00:05"]
[BlackClock "0:01:05"]

1. e4 c5 2. Nf3 e6 3. d4 cxd4 4. Nxd4 Nc6 5. Nc3 Qc7 6. g3 a6 7. Bg2 Nf6 8. O-O Nxd4 9. Qxd4 Bc5 10. Bf4 d6 11. Qd2 h6 12. Rad1 e5 13. Be3 Bxe3 14. fxe3 Be6 15. Qxd6 Rc8 16. Qxc7 Rxc7 17. Rd2 Ke7 18. Nd5+ Bxd5 19. exd5 Kd6 20. c3 b5 21. a4 bxa4 22. Ra1 Rc4 23. Bf1 Re4 24. Kf2 Ng4+ 25. Kf3 f5 26. Re1 a3 27. c4 a2 28. Rdd1 Rb8 29. Bd3 Rxb2 30. c5+ Kxc5 31. Rc1+ Kd6 32. Be2 Rxe3+ 33. Kg2 Rexe2+ 34. Rxe2 Rxe2+ 35. Kg1 Rxh2 36. Rc6+ Kxd5 37. Rxa6 Rb2 38. Ra3 Rb1+ 39. Kg2 a1=Q 40. Rd3+ Ke4 41. Rd2 Rg1+ 42. Kh3 Rh1+ 43. Kg2 Qg1# 0-1


[Site "https://www.chess.com"]

[Event "Titled Tuesday Blitz July 6 2021"]
[White "Tokman, Ariel"]
[Black "Quintiliano Pinto, Renato R."]
[WhiteFideId "117420"]
[BlackFideId "2117568"]
[WhiteElo "2345"]
[BlackElo "2439"]
[Result "1-0"]
[Round "04"]
[TimeControl "180+1"]
[Date "2021.07.06"]
[WhiteClock "0:00:04"]
[BlackClock "0:00:10"]

1. e4 c5 2. Nf3 d6 3. d3 Nf6 4. Nbd2 g6 5. g3 Bg7 6. Bg2 O-O 7. O-O Nc6 8. c3 e5 9. a3 Re8 10. Re1 Rb8 11. b4 cxb4 12. axb4 b5 13. Nb3 h6 14. h3 a6 15. Be3 d5 16. Nc5 a5 17. Qb3 axb4 18. cxb4 d4 19. Bd2 Qd6 20. Rec1 Nd7 21. Na6 Rb6 22. Nc5 Bf8 23. h4 Qb8 24. Nxd7 Bxd7 25. Rc2 Be6 26. Qb2 Qb7 27. Rac1 Ra8 28. Kh2 Ra4 29. Bh3 Bxh3 30. Kxh3 Qd7+ 31. Kg2 Qe6 32. Ra1 Rba6 33. Rxa4 Rxa4 34. Qc1 Nxb4 35. Bxb4 Rxb4 36. Rc6 Qe7 37. Rc7 Qe6 38. Rc6 Qe8 39. Rc8 Qe7 40. Rc7 Rb1 41. Qc6 Qb4 42. Qd7 Qb3 43. Nxe5 Qe6 44. Qxe6 fxe6 45. Nxg6 Bd6 46. Rd7 Bc5 47. Nf4 b4 48. Nxe6 Bb6 49. Rb7 Ba5 50. Nxd4 Rd1 51. Nf5 Rxd3 52. Rb5 Ra3 53. Nxh6+ Kh7 54. Nf5 b3 55. g4 Bc3 56. Ne3 b2 57. Nd1 Ra1 58. Nxb2 Rb1 59. Rb7+ Kg8 60. Na4 Rxb7 61. Nxc3 Rb3 62. Nd5 Kf7 63. f3 Ke6 64. Kg3 Ke5 65. h5 Rb1 66. Kh4 Rf1 67. Kg5 Rxf3 68. h6 Rf1 69. Kg6 Rh1 70. g5 Kxe4 71. Nf6+ Kf4 72. h7 Rh2 73. Nh5+ Kg4 74. h8=Q Rc2 75. Qd4+ 1-0


[Site "https://www.chess.com"]

[Event "Titled Tuesday Blitz July 6 2021"]
[White "Tologon tegin, Semetei"]
[Black "Gabrielian, Artur"]
[WhiteFideId "13800574"]
[BlackFideId "4131002"]
[WhiteElo "2224"]
[BlackElo "2523"]
[Result "0-1"]
[Round "04"]
[TimeControl "180+1"]
[Date "2021.07.06"]
[WhiteClock "0:01:18"]
[BlackClock "0:02:03"]

1. d4 Nf6 2. c4 c5 3. d5 e6 4. Nc3 exd5 5. cxd5 d6 6. e4 g6 7. f4 Bg7 8. Bb5+ Nfd7 9. Bd3 O-O 10. Nf3 Nf6 11. O-O Bg4 12. h3 Bxf3 13. Qxf3 Nbd7 14. Bd2 a6 15. a4 Rc8 16. Kh1 c4 17. Bc2 Re8 18. Rae1 Qb6 19. Bc1 Qc7 20. g4 h6 21. h4 h5 22. gxh5 Nxh5 23. f5 Ne5 24. Qg2 Qe7 25. Bg5 Bf6 26. Bd1 Bxg5 27. hxg5 Nd3 28. Bxh5 Nxe1 29. Rxe1 gxh5 30. g6 Qh4+ 31. Kg1 Qxe1+ 32. Kh2 Qh4+ 0-1


[Site "https://www.chess.com"]

[Event "Titled Tuesday Blitz July 6 2021"]
[White "Torkkola, Henri"]
[Black "Grebeniuk, Semen"]
[WhiteFideId "507660"]
[BlackFideId "14117509"]
[WhiteElo "2137"]
[BlackElo "2232"]
[Result "1-0"]
[Round "04"]
[TimeControl "180+1"]
[Date "2021.07.06"]
[WhiteClock "0:01:05"]
[BlackClock "0:00:03"]

1. d4 f5 2. Bf4 Nf6 3. e3 d6 4. Nf3 g6 5. h4 Bg7 6. h5 Nxh5 7. Rxh5 gxh5 8. Ng5 O-O 9. Qxh5 h6 10. Nf3 Qe8 11. Qh2 Qg6 12. Bc4+ e6 13. Nc3 a6 14. O-O-O b5 15. Bd3 Nd7 16. g4 Nf6 17. gxf5 exf5 18. Rg1 Ng4 19. Qg3 Bb7 20. Nh4 Qf6 21. Nxf5 h5 22. f3 Bxf3 23. Qxf3 Rae8 24. Nd5 Qd8 25. Qh3 c6 26. Qxh5 Rxf5 27. Qxf5 cxd5 28. Rxg4 1-0


[Site "https://www.chess.com"]

[Event "Titled Tuesday Blitz July 6 2021"]
[White "Vakhlamov, Igor L."]
[Black "Martinez Reyes, Pedro Ramon"]
[WhiteFideId "24126748"]
[BlackFideId "3901807"]
[WhiteElo "2416"]
[BlackElo "2398"]
[Result "0-1"]
[Round "04"]
[TimeControl "180+1"]
[Date "2021.07.06"]
[WhiteClock "0:00:05"]
[BlackClock "0:00:19"]

1. e4 c5 2. Nf3 Nc6 3. Nc3 g6 4. d4 cxd4 5. Nxd4 Bg7 6. Be3 Nf6 7. Bc4 O-O 8. Bb3 d6 9. f3 Bd7 10. Qd2 a5 11. a4 Nb4 12. h4 h5 13. Bh6 Rc8 14. O-O-O Rc5 15. Bxg7 Kxg7 16. Kb1 Qb6 17. Ndb5 Rfc8 18. Rc1 Be6 19. Bxe6 fxe6 20. g4 Nc6 21. gxh5 Nxh5 22. Rhg1 Rf8 23. Rg2 Ne5 24. Rcg1 Rf6 25. Qe2 Nf4 26. Qd1 Nxg2 27. Rxg2 Nxf3 28. h5 Rxh5 29. Ka2 Qe3 30. Re2 Qc5 31. Rg2 Rg5 32. Re2 Nd4 33. Qxd4 Qb4 34. Qd3 Rf1 35. b3 Rgg1 36. e5 Ra1+ 37. Kb2 d5 38. Rf2 Qg4 39. Qe3 Rae1 40. Qc5 Qg5 41. Ne2 Rxe2 42. Rxe2 Qc1+ 43. Kc3 Rg3+ 44. Kd4 Qf4+ 45. Re4 Qxe4# 0-1


[Site "https://www.chess.com"]

[Event "Titled Tuesday Blitz July 6 2021"]
[White "Viana Da Costa, Fernando"]
[Black "Baradaran, Arman"]
[WhiteFideId "2111900"]
[BlackFideId "880515"]
[WhiteElo "2247"]
[BlackElo "2132"]
[Result "1-0"]
[Round "04"]
[TimeControl "180+1"]
[Date "2021.07.06"]
[WhiteClock "0:01:21"]
[BlackClock "0:00:01"]

1. e4 e5 2. Nf3 Nc6 3. d4 exd4 4. Bc4 Nf6 5. e5 d5 6. Bb5 Ne4 7. Nxd4 Bd7 8. Bxc6 bxc6 9. O-O Be7 10. f3 Nc5 11. f4 Ne4 12. Nc3 Nxc3 13. bxc3 c5 14. Nb3 Bb5 15. Rf2 a5 16. Be3 c4 17. Nd4 Bd7 18. f5 c5 19. Ne2 Bc6 20. f6 gxf6 21. exf6 Bd6 22. Nf4 d4 23. cxd4 Qxf6 24. Nh5 Qh4 25. Nf6+ Kf8 26. g3 Qh3 27. Bf4 1-0


[Site "https://www.chess.com"]

[Event "Titled Tuesday Blitz July 6 2021"]
[White "Visakh N R"]
[Black "Ozates, Tuna"]
[WhiteFideId "25012223"]
[BlackFideId "6354521"]
[WhiteElo "2428"]
[BlackElo "1872"]
[Result "1-0"]
[Round "04"]
[TimeControl "180+1"]
[Date "2021.07.06"]
[WhiteClock "0:00:26"]
[BlackClock "0:00:17"]

1. e4 e5 2. Nf3 Nc6 3. Bb5 Nge7 4. O-O g6 5. c3 Bg7 6. d4 exd4 7. cxd4 a6 8. Ba4 b5 9. Bb3 O-O 10. Nc3 d6 11. h3 Na5 12. Bc2 c5 13. Bg5 h6 14. Bh4 g5 15. Bg3 Nc4 16. b3 Na3 17. Rc1 Nc6 18. Ne2 Nxc2 19. Qxc2 Nxd4 20. Nexd4 cxd4 21. Rfd1 f5 22. exf5 Bxf5 23. Qc6 Rc8 24. Qd5+ Kh8 25. Nxd4 Rxc1 26. Rxc1 Qf6 27. Nxf5 Qxf5 28. Qxf5 Rxf5 29. Bxd6 Rd5 30. Bb4 Kh7 31. Kf1 Kg6 32. Rc6+ Kf5 33. Rxa6 Rd1+ 34. Ke2 Rb1 35. Ra5 Ke4 36. f3+ Kd4 37. Rxb5 Rb2+ 38. Kf1 Rxa2 39. Be1 Ra1 40. Kf2 Kd3 41. Rd5+ Bd4+ 42. Kf1 Ke3 43. Rd8 Rb1 44. Re8+ Kd3 45. Rd8 Rxb3 46. h4 Rb1 47. hxg5 hxg5 48. Rd5 Kc4 49. Rxg5 Bc3 50. Rg4+ Kd3 51. Re4 Bd4 52. Re2 Rd1 53. g4 Be3 54. Ra2 Bd4 55. Ra3+ Kc4 56. Ke2 Rb1 57. Bd2 Rg1 58. Ra4+ Kc5 59. Rxd4 Rg2+ 60. Kd3 1-0


[Site "https://www.chess.com"]

[Event "Titled Tuesday Blitz July 6 2021"]
[White "Vlachos, Anatole"]
[Black "Vasli, Aref"]
[WhiteFideId "26093189"]
[BlackFideId "417521"]
[WhiteElo "2350"]
[BlackElo "2257"]
[Result "1-0"]
[Round "04"]
[TimeControl "180+1"]
[Date "2021.07.06"]
[WhiteClock "0:00:18"]
[BlackClock "0:00:46"]

1. Nf3 Nf6 2. g3 d5 3. Bg2 c6 4. O-O Bg4 5. h3 Bh5 6. d3 Nbd7 7. Nbd2 e5 8. e4 dxe4 9. dxe4 Bc5 10. Qe1 a5 11. a4 O-O 12. Nh4 Re8 13. Nf5 Bg6 14. Nh4 Nf8 15. Nxg6 hxg6 16. Nc4 Ne6 17. c3 Qc7 18. Qe2 Rad8 19. Bd2 b6 20. Kh2 Nh5 21. h4 Nf6 22. Rad1 Rd7 23. Bh3 Bf8 24. Bc1 Rxd1 25. Rxd1 Nc5 26. f3 Nxa4 27. Bg5 Nc5 28. Qd2 b5 29. Ne3 a4 30. Nc2 Be7 31. Be3 Rd8 32. Qe2 Rxd1 33. Qxd1 Nb3 34. Qe2 Bc5 35. Bg5 Qd6 36. Ne1 Na5 37. Nd3 Bb6 38. f4 exf4 39. gxf4 Nh5 40. e5 Qd5 41. e6 Nf6 42. Bxf6 gxf6 43. e7 Kg7 44. e8=Q Nc4 45. Q2e7 1-0


[Site "https://www.chess.com"]

[Event "Titled Tuesday Blitz July 6 2021"]
[White "Vlassov, Nikolai"]
[Black "Nabaty, Tamir"]
[WhiteFideId "4103360"]
[BlackFideId "2809052"]
[WhiteElo "2407"]
[BlackElo "2627"]
[Result "0-1"]
[Round "04"]
[TimeControl "180+1"]
[Date "2021.07.06"]
[WhiteClock "0:00:14"]
[BlackClock "0:01:18"]

1. e4 c5 2. c3 e6 3. d4 cxd4 4. cxd4 d5 5. e5 Nc6 6. Nc3 Nge7 7. Nf3 Nf5 8. Be3 Qb6 9. Qd2 Bd7 10. Be2 Be7 11. O-O Rc8 12. Rac1 O-O 13. Bd3 Nxe3 14. fxe3 g6 15. Rf2 f6 16. exf6 Rxf6 17. Rcf1 Rcf8 18. h4 Bd6 19. Ne2 Qa5 20. Qxa5 Nxa5 21. Ne5 Bxe5 22. dxe5 Rxf2 23. Rxf2 Rxf2 24. Kxf2 Nc6 25. e4 Nxe5 26. Bc2 Kf7 27. exd5 exd5 28. Bb3 Nc4 29. Bxc4 dxc4 30. Ke3 Kf6 31. Kd4 Kf5 32. Kxc4 Kg4 33. Kd5 Bc6+ 34. Kd6 Bxg2 35. Kc7 Kxh4 36. Nf4 Bc6 37. Ne6 g5 0-1


[Site "https://www.chess.com"]

[Event "Titled Tuesday Blitz July 6 2021"]
[White "Vyatkin, Dmitry"]
[Black "Maly, Alexey"]
[WhiteFideId "4171900"]
[BlackFideId "14103184"]
[WhiteElo "2279"]
[BlackElo "2285"]
[Result "0-1"]
[Round "04"]
[TimeControl "180+1"]
[Date "2021.07.06"]
[WhiteClock "0:00:03"]
[BlackClock "0:00:12"]

1. d4 d5 2. c4 dxc4 3. e3 Nf6 4. Bxc4 e6 5. Nf3 a6 6. a4 c5 7. O-O Nc6 8. Nc3 cxd4 9. exd4 Nb4 10. Re1 Be7 11. Bg5 O-O 12. Qd2 b6 13. Rad1 Bb7 14. Ne5 Nfd5 15. Ne4 f6 16. Nf3 fxg5 17. Nexg5 Bxg5 18. Nxg5 Qc8 19. Bb3 Rf6 20. Rc1 Qd7 21. Nxe6 Rxe6 22. Rxe6 Qxe6 23. Qxb4 Nxb4 24. Bxe6+ Kh8 25. Rc7 Bd5 26. Bxd5 Nxd5 27. Rd7 Nf6 28. Rd6 b5 29. a5 h6 30. f3 Kh7 31. g4 Kg6 32. h4 Rc8 33. Rxa6 Rc2 34. b3 Rb2 35. Rb6 Rxb3 36. Kf2 b4 37. a6 Ra3 38. Rxb4 Rxa6 39. Rb5 Rd6 40. Ke3 Nd5+ 41. Kd3 Kf6 42. Ra5 g5 43. h5 Nf4+ 44. Kc4 Rc6+ 45. Rc5 Rd6 46. Rc8 Ne6 47. d5 Nf4 48. Rc5 Ke5 0-1


[Site "https://www.chess.com"]

[Event "Titled Tuesday Blitz July 6 2021"]
[White "Wagh Suyog"]
[Black "Kamsky, Gata"]
[WhiteFideId "25071688"]
[BlackFideId "2000024"]
[WhiteElo "2219"]
[BlackElo "2644"]
[Result "1/2-1/2"]
[Round "04"]
[TimeControl "180+1"]
[Date "2021.07.06"]
[WhiteClock "0:00:04"]
[BlackClock "0:00:19"]

1. d4 d5 2. Bf4 c5 3. e3 Nc6 4. c3 Nf6 5. Nd2 cxd4 6. exd4 Bf5 7. Qb3 Qc8 8. Ngf3 e6 9. Be2 Be7 10. O-O O-O 11. Rfe1 h6 12. Nf1 Ne4 13. Ng3 Bg6 14. Ne5 Nxe5 15. Bxe5 Nd2 16. Qa4 Nc4 17. Bxc4 Qxc4 18. Qxc4 dxc4 19. d5 f6 20. Bc7 e5 21. d6 Bd8 22. f4 Bxc7 23. dxc7 Rac8 24. fxe5 Rxc7 25. exf6 Rxf6 26. Ne2 Rb6 27. Nf4 Bf7 28. Re2 g5 29. Nh3 Rd7 30. Nf2 Kg7 31. Ne4 Re6 32. Rae1 Re5 33. Kf2 Bg6 34. Ng3 Rf7+ 35. Kg1 Rxe2 36. Rxe2 Rd7 37. Kf2 Kf6 38. Ne4+ Bxe4 39. Rxe4 Rd2+ 40. Re2 Rxe2+ 41. Kxe2 h5 42. Ke3 Ke5 43. h3 b5 44. g3 a6 45. g4 h4 46. Kf3 Kd5 47. Ke3 a5 48. Kf3 Ke5 49. Ke3 Kd5 50. Kf3 Ke5 51. Ke3 Kd5 1/2-1/2


[Site "https://www.chess.com"]

[Event "Titled Tuesday Blitz July 6 2021"]
[White "Wagner, Dennis"]
[Black "Steven_Rojas"]
[WhiteFideId "24650684"]
[WhiteElo "2355"]
[BlackElo "2532"]
[Result "1/2-1/2"]
[Round "04"]
[TimeControl "180+1"]
[Date "2021.07.06"]
[WhiteClock "0:00:02"]
[BlackClock "0:00:30"]

1. c4 c6 2. Nf3 d5 3. g3 Nf6 4. Bg2 g6 5. b3 Bg7 6. Bb2 O-O 7. O-O Nfd7 8. d4 a6 9. Nbd2 Nf6 10. Re1 Bf5 11. Nh4 b5 12. Nxf5 gxf5 13. Rc1 e6 14. e3 Nbd7 15. cxd5 cxd5 16. Rc6 Qa5 17. a3 Rfc8 18. b4 Qd8 19. Qc2 Rxc6 20. Qxc6 Qc8 21. Rc1 Qxc6 22. Rxc6 Bf8 23. Nb3 Ra7 24. Nc5 a5 25. Bf1 axb4 26. axb4 Ra2 27. Bc3 Rc2 28. Nxd7 Nxd7 29. Bxb5 Nb8 30. Rc8 Kg7 31. Rxb8 Rxc3 32. Be8 Bd6 33. Rb6 Be7 34. b5 Rc8 35. Bc6 Kf6 36. Rb7 Bd6 37. Rd7 Bb4 38. Kg2 Rb8 39. Kf3 Be7 40. h4 h6 41. Ra7 Bd8 42. Rd7 Be7 43. Ke2 Bd8 44. Kd3 Bb6 45. Kc3 Kg6 46. Kb4 Kf6 47. Kb3 Kg7 48. Rd6 Kf6 49. Bd7 Ke7 50. Rxb6 Rxb6 51. Bc6 Kd6 52. Kb4 Rb8 53. Ka5 f6 54. Ka6 Kc7 55. Ka7 Rb6 56. Be8 e5 57. f4 Rb8 58. Bc6 Rd8 59. Bb7 Rd6 60. Bc6 Rd8 61. Bb7 Rd6 62. Bc6 Rd8 1/2-1/2


[Site "https://www.chess.com"]

[Event "Titled Tuesday Blitz July 6 2021"]
[White "Williams, Simon K"]
[Black "Kanyamarala, Trisha"]
[WhiteFideId "404454"]
[BlackFideId "45004722"]
[WhiteElo "2468"]
[BlackElo "2074"]
[Result "1-0"]
[Round "04"]
[TimeControl "180+1"]
[Date "2021.07.06"]
[WhiteClock "0:00:03"]
[BlackClock "0:00:01"]

1. c4 e5 2. Nc3 Nf6 3. g3 Bb4 4. Bg2 d6 5. e4 Bxc3 6. dxc3 Nc6 7. f3 Be6 8. b3 O-O 9. Nh3 h6 10. Nf2 Nd7 11. g4 a5 12. a4 Ne7 13. h4 Ng6 14. h5 Nf4 15. Bf1 Nb6 16. Nd3 Nxd3+ 17. Bxd3 f6 18. Be3 c6 19. Kf2 Qc7 20. Bc2 Rad8 21. Qd3 Nd7 22. b4 Nb6 23. Bb3 c5 24. b5 Nc8 25. Ke2 Nb6 26. Kd2 Qf7 27. Kc2 Nxc4 28. Bxc4 Bxc4 29. Qd2 Bb3+ 30. Kb2 Bc4 31. Rhd1 b6 32. Qf2 d5 33. exd5 Rxd5 34. Qc2 Rfd8 35. Rxd5 Qxd5 36. Qe4 Qxe4 37. fxe4 Rd3 38. Re1 Kf7 39. Kc2 Rd7 40. Bd2 Bd3+ 41. Kc1 Bc4 42. Kc2 Be6 43. Rg1 Bc4 44. Rd1 Be2 45. Rg1 Bd3+ 46. Kb3 Bxe4 47. Be3 Bd5+ 48. c4 Be4 49. Kb2 Rd3 50. Re1 Rd7 51. Bxc5 Bf3 52. Bxb6 Rb7 53. c5 Ke6 54. Kc3 Kd5 55. Bxa5 e4 56. c6 1-0


[Site "https://www.chess.com"]

[Event "Titled Tuesday Blitz July 6 2021"]
[White "Yakubboev, Nodirbek"]
[Black "Shetty, Atulya"]
[WhiteFideId "14203987"]
[BlackFideId "2031213"]
[WhiteElo "2519"]
[BlackElo "2352"]
[Result "1-0"]
[Round "04"]
[TimeControl "180+1"]
[Date "2021.07.06"]
[WhiteClock "0:00:08"]
[BlackClock "0:00:06"]

1. e4 e6 2. Qe2 c5 3. g3 Nc6 4. Bg2 g6 5. Nf3 Bg7 6. O-O Nge7 7. c3 O-O 8. Rd1 e5 9. Na3 d6 10. Nc2 f5 11. d3 f4 12. gxf4 exf4 13. d4 cxd4 14. cxd4 d5 15. e5 h6 16. b4 a6 17. a4 Bg4 18. h3 Bf5 19. Ba3 b5 20. axb5 axb5 21. Nce1 Qd7 22. Qxb5 Bxh3 23. Qd3 Bf5 24. Qe2 g5 25. b5 Na5 26. Bxe7 Qxe7 27. Nd2 Be6 28. Qh5 g4 29. Nd3 Rf5 30. Qh1 f3 31. Bf1 Qf7 32. Qh2 Qe7 33. Nb3 Nxb3 34. Rxa8+ Bf8 35. Qxh6 Nxd4 36. Qg6+ Kh8 37. b6 g3 38. fxg3 f2+ 39. Kg2 Nc2 40. Qh6+ Kg8 41. Rc1 d4 42. Rxf8+ Rxf8 43. Rxc2 Rf7 44. Nf4 d3 45. Rc7 Qb4 46. Qg6+ Kf8 47. Nxe6+ Ke8 48. Qxf7# 1-0


[Site "https://www.chess.com"]

[Event "Titled Tuesday Blitz July 6 2021"]
[White "Yanchenko, Roman"]
[Black "Prraneeth Vuppala"]
[WhiteFideId "4137329"]
[BlackFideId "46622373"]
[WhiteElo "2514"]
[BlackElo "1759"]
[Result "1-0"]
[Round "04"]
[TimeControl "180+1"]
[Date "2021.07.06"]
[WhiteClock "0:00:10"]
[BlackClock "0:00:01"]

1. d4 Nf6 2. c4 g6 3. Nf3 Bg7 4. Nc3 d5 5. Bf4 O-O 6. e3 c5 7. dxc5 Qa5 8. Be5 dxc4 9. Bxc4 Nc6 10. O-O Nxe5 11. Nxe5 Qxc5 12. Qd4 Qxd4 13. exd4 Nd7 14. f4 Nb6 15. Bb3 Bf5 16. Rad1 Rac8 17. h3 h5 18. Rfe1 h4 19. Nd5 Nxd5 20. Bxd5 Rc7 21. Rc1 Bxe5 22. dxe5 Rfc8 23. Rxc7 Rxc7 24. a3 Kg7 25. Re3 b6 26. Rc3 Rd7 27. Bf3 Rd2 28. Rc7 e6 29. b4 a5 30. Rb7 Ra2 31. b5 Rxa3 32. Rxb6 Rb3 33. Rb8 a4 34. b6 a3 35. b7 a2 36. Ra8 Bb1 37. Kf2 g5 38. fxg5 Kg6 39. Ra5 Kxg5 40. Ke2 Kf4 41. Kd2 Be4 42. Ra4 a1=Q 43. Rxa1 Bxf3 44. Rf1 Rxb7 45. Rxf3+ Kxe5 46. Ke2 f5 47. Re3+ Kf6 48. Kf2 f4 49. Re4 e5 50. Ra4 Kf5 51. Ra2 Ke4 52. Re2+ Kf5 53. Ra2 Rd7 54. Re2 Rd5 55. Rc2 e4 56. Rb2 e3+ 57. Kf3 Ke5 58. Rb4 Rd2 59. Re4+ Kd5 60. Kxf4 e2 61. Re5+ Kd4 62. Re8 Kd3 63. Kf3 Rc2 64. Re3+ Kd4 65. Re4+ Kd3 66. Re3+ Kd4 67. Re6 Rc3+ 68. Kf2 Rg3 69. Rxe2 Kd5 70. Re8 Rg5 71. Rh8 Rf5+ 72. Ke3 Rg5 73. Kf3 Rf5+ 74. Kg4 Rf2 75. Kxh4 Rxg2 76. Re8 Kd6 77. Kh5 Kd7 78. Re3 Rg7 79. h4 Rg8 80. Kh6 Rh8+ 81. Kg5 Rg8+ 82. Kf6 Rh8 83. Re4 Rh6+ 84. Kg7 Rh5 85. Kg6 Rh8 86. h5 Rg8+ 87. Kf7 Rh8 88. Rd4+ Kc6 89. Kg6 Kc5 90. Rh4 Kd6 91. h6 1-0


[Site "https://www.chess.com"]

[Event "Titled Tuesday Blitz July 6 2021"]
[White "Yang, Kaiqi"]
[Black "Roman, Rodrigo"]
[WhiteFideId "8604398"]
[BlackFideId "3701220"]
[WhiteElo "2373"]
[BlackElo "2043"]
[Result "0-1"]
[Round "04"]
[TimeControl "180+1"]
[Date "2021.07.06"]
[WhiteClock "0:00:03"]
[BlackClock "0:00:42"]

1. Nf3 Nf6 2. g3 g6 3. Bg2 Bg7 4. O-O O-O 5. c4 c6 6. d4 d5 7. cxd5 cxd5 8. Nc3 Nc6 9. Ne5 Bf5 10. Nxc6 bxc6 11. Bf4 Nd7 12. Rc1 e5 13. dxe5 Nxe5 14. Na4 Rc8 15. Be3 Re8 16. Bd4 Nd3 17. exd3 Bxd4 18. Qd2 Bg4 19. Rfe1 Qf6 20. Nc3 Rb8 21. Rxe8+ Rxe8 22. h3 Bd7 23. b3 h5 24. h4 Bg4 25. Rf1 Qd6 26. Nd1 Qxg3 27. Qg5 Qe5 28. Qxe5 Rxe5 29. Ne3 Bxe3 30. fxe3 Rxe3 31. Rc1 Bd7 32. Bf1 Kf8 33. Kf2 Re5 34. Rc5 Rf5+ 35. Ke1 Rf4 36. Ra5 Rxh4 37. Rxa7 Bf5 38. a4 Rh1 39. Kf2 Rh2+ 40. Kg1 Rb2 41. Rb7 Ra2 42. Rb6 c5 43. Rc6 Ra1 44. Rxc5 Bxd3 45. Rxd5 Bxf1 46. Kf2 Bh3 47. a5 Be6 48. Rb5 h4 49. b4 h3 50. Kg3 Ra3+ 51. Kh2 Ra2+ 52. Kg3 Rg2+ 53. Kf3 Ra2 54. Rb6 h2 0-1


[Site "https://www.chess.com"]

[Event "Titled Tuesday Blitz July 6 2021"]
[White "Yaniuk, Volodymyr"]
[Black "Cunjalo, Faris"]
[WhiteFideId "14133083"]
[BlackFideId "14410710"]
[WhiteElo "2207"]
[BlackElo "2234"]
[Result "0-1"]
[Round "04"]
[TimeControl "180+1"]
[Date "2021.07.06"]
[WhiteClock "0:00:05"]
[BlackClock "0:00:06"]

1. d4 Nf6 2. c4 e6 3. g3 d5 4. Bg2 dxc4 5. Nf3 c6 6. O-O b5 7. Ne5 Bb7 8. b3 cxb3 9. axb3 a5 10. Nc3 Nd5 11. Ne4 Nd7 12. Nd3 Be7 13. Bf4 O-O 14. Qc2 Nxf4 15. gxf4 c5 16. dxc5 Qc7 17. Rfc1 Bc6 18. e3 Rfc8 19. Qc3 b4 20. Qc2 Bd5 21. Nd2 Bxg2 22. Kxg2 Qc6+ 23. Kg1 Bf6 24. Rab1 Bc3 25. Nc4 Nxc5 26. Nxc5 Qxc5 27. Ne5 f6 28. Nf3 Qd5 29. Qe2 Rd8 30. Rd1 Qe4 31. h3 h6 32. Kg2 Kh7 33. Rbc1 f5 34. Kh2 Rxd1 35. Qxd1 a4 36. bxa4 Bf6 37. Rb1 Bc3 38. Nh4 Rxa4 39. Qg1 Ra7 40. Qg6+ Kh8 41. Rd1 Qa8 42. Nf3 Qc8 43. Ne5 Bxe5 44. fxe5 b3 45. e4 fxe4 46. Qxe4 Rb7 47. Rd8+ Qxd8 48. Qxb7 Qd5 49. Qb8+ Kh7 50. Kg3 Qd3+ 51. f3 Qg6+ 52. Kf2 Qc2+ 53. Kg3 b2 54. Qb6 Qg6+ 55. Kf2 b1=Q 0-1


[Site "https://www.chess.com"]

[Event "Titled Tuesday Blitz July 6 2021"]
[White "Yi, Richard"]
[Black "Dang, Hoang Son"]
[WhiteFideId "2079518"]
[BlackFideId "12402435"]
[WhiteElo "2503"]
[BlackElo "2248"]
[Result "1-0"]
[Round "04"]
[TimeControl "180+1"]
[Date "2021.07.06"]
[WhiteClock "0:00:03"]
[BlackClock "0:00:05"]

1. e4 g6 2. d4 Bg7 3. Nc3 a6 4. Be3 d6 5. f3 Nd7 6. g4 h5 7. g5 b5 8. Qd2 Bb7 9. Nge2 Nb6 10. Nf4 e5 11. Nh3 Ne7 12. O-O-O O-O 13. f4 b4 14. Nb1 Bxe4 15. Rg1 Nf5 16. dxe5 dxe5 17. Bxb6 cxb6 18. Qxb4 Nd4 19. c3 Rc8 20. Bxa6 Qd7 21. Nf2 Bf5 22. fxe5 Bxe5 23. Nd2 b5 24. Rge1 Bxh2 25. Bxc8 Rxc8 26. Nde4 Bf4+ 27. Kb1 Rc4 28. Qa5 Ra4 29. Qb6 Qd5 30. b3 Rxa2 31. c4 bxc4 32. Rxd4 Qe5 33. Kxa2 cxb3+ 34. Kxb3 Be6+ 35. Kc3 Kg7 36. Nd3 Qf5 37. Nxf4 Qxf4 38. Qd6 Qf3+ 39. Rd3 1-0


[Site "https://www.chess.com"]

[Event "Titled Tuesday Blitz July 6 2021"]
[White "Zhigalko, Sergei"]
[Black "Abdurakhmonov, Mukhammadali"]
[WhiteFideId "13502956"]
[BlackFideId "14207346"]
[WhiteElo "2662"]
[BlackElo "2266"]
[Result "1-0"]
[Round "04"]
[TimeControl "180+1"]
[Date "2021.07.06"]
[WhiteClock "0:00:04"]
[BlackClock "0:00:04"]

1. e4 e5 2. Nf3 Nc6 3. Bc4 Nf6 4. d3 Bc5 5. O-O O-O 6. Nbd2 d6 7. c3 a6 8. Bb3 Ba7 9. h3 Ne7 10. Re1 Ng6 11. Nf1 Nh5 12. d4 Nhf4 13. Ng3 h6 14. Bc2 Qf6 15. Nf5 Re8 16. Be3 Bxf5 17. exf5 Nh4 18. dxe5 dxe5 19. Nxh4 Qxh4 20. Bxa7 Rxa7 21. g3 Qxh3 22. gxf4 Raa8 23. Re3 Qh4 24. fxe5 Rad8 25. Qe2 Qg5+ 26. Kf1 Qh4 27. Kg2 Qg5+ 28. Kh3 Qf4 29. Qf3 Qxf3+ 30. Rxf3 Rd2 31. Bb3 Rxe5 32. Kg3 Rxb2 33. Rd1 Kf8 34. Rd7 Re7 35. Rd8+ Re8 36. Rd7 Re7 37. Rfd3 Rbe2 38. Kf3 Rxd7 39. Rxd7 Re7 40. Rd8+ Re8 41. Rd7 Re7 42. Rd1 Re8 43. Kf4 Re2 44. f3 Ke7 45. Rd4 b5 46. Rd5 c6 47. Rd4 c5 48. Re4+ Rxe4+ 49. fxe4 g5+ 50. Ke5 h5 51. f6+ Ke8 52. Bd5 g4 53. Kf4 b4 54. cxb4 cxb4 55. Kg5 g3 56. e5 a5 57. Kh4 a4 58. Kxg3 1-0


[Site "https://www.chess.com"]

[Event "Titled Tuesday Blitz July 6 2021"]
[White "Zubov, Alexander"]
[Black "Shahade, Gregory"]
[WhiteFideId "14109409"]
[BlackFideId "2009064"]
[WhiteElo "2740"]
[BlackElo "2738"]
[Result "1-0"]
[Round "04"]
[TimeControl "180+1"]
[Date "2021.07.06"]
[WhiteClock "0:00:18"]
[BlackClock "0:00:07"]

1. d4 Nf6 2. Nf3 g6 3. c4 Bg7 4. Nc3 d5 5. e3 O-O 6. Qb3 dxc4 7. Bxc4 c5 8. d5 a6 9. a4 Ne8 10. e4 Nd6 11. Be2 Bg4 12. O-O Nd7 13. Be3 b5 14. axb5 axb5 15. Nxb5 Rb8 16. Qa4 Bxf3 17. gxf3 Nxb5 18. Bxb5 Ne5 19. Kg2 f5 20. Rad1 fxe4 21. fxe4 Qc8 22. h3 Rf3 23. Bd7 Qf8 24. Be6+ Kh8 25. Bxc5 Rxb2 26. Bd4 Re2 27. Rc1 Rg3+ 28. Kxg3 Qf3+ 29. Kh2 Ng4+ 30. hxg4 Bxd4 31. Qxd4+ 1-0


[Site "https://www.chess.com"]